 Dungeon Crawl Stone Soup version 0.29.0-13-gc9e81de378 (webtiles) character file.

Game seed: 11665868311356153510

887 mcbry74 the Arsonist (level 8, -8/57 HPs)
             Began as a Hill Orc Fire Elementalist on Sept 9, 2022.
             Was an Initiate of Vehumet.
             Mangled by Duvessa
             ... wielding a +4 short sword of speed
              (18 damage)
             ... on level 5 of the Dungeon.
             The game lasted 00:22:24 (6708 turns).

mcbry74 the Arsonist (Hill Orc Fire Elementalist)   Turns: 6708, Time: 00:22:24

Health: -8/57      AC:  5    Str: 11    XL:     8   Next: 5%
Magic:  0/10       EV: 12    Int: 17    God:    Vehumet [......]
Gold:   311        SH:  0    Dex: 20    Spells: 3/10 levels left

rFire   . . .      SeeInvis +   y - +0 hand axe
rCold   . . .      Faith    .   (no shield)
rNeg    . . .      Spirit   .   a - +0 robe
rPois   .          Reflect  .   (no helmet)
rElec   .          Harm     .   (no cloak)
rCorr   .          Rampage  .   v - +2 pair of gloves {Dex+3}
Will    .....                   (no boots)
Stlth   ++........              (no amulet)
HPRegen 0.19/turn               h - ring of see invisible
MPRegen 0.12/turn               x - +6 ring of dexterity

@: very slightly contaminated
A: no striking features
a: Renounce Religion


You were on level 5 of the Dungeon.
You worshipped Vehumet.
Vehumet was noncommittal.
You visited 2 branches of the dungeon, and saw 6 of its levels.

You collected 311 gold pieces.

Inventory:

Hand Weapons
 j - a +0 whip
 y - a +0 hand axe (weapon)
Missiles
 c - 5 boomerangs of dispersal
 e - 33 stones
 f - 12 poisoned darts
 g - 2 throwing nets
 n - 4 boomerangs
Armour
 a - a +0 robe (worn)
 v - a +2 pair of gloves of dexterity (worn)
Jewellery
 h - a ring of see invisible (left hand)
 x - a +6 ring of dexterity (right hand)
Wands
 D - a wand of iceblast (7)
Scrolls
 d - 3 scrolls of teleportation {unknown}
 i - 4 scrolls of identify {unknown}
 l - a scroll of fear {unknown}
 r - a scroll of enchant weapon {unknown}
 s - a scroll of amnesia {unknown}
 A - a scroll of poison {unknown}
 B - a scroll of blinking {unknown}
 C - a scroll of brand weapon {unknown}
Potions
 b - a potion of magic
 k - a potion of resistance {unknown}
 m - 2 potions of mutation {unknown}
 o - 2 potions of invisibility {unknown}
 p - 2 potions of curing {unknown}
 q - 2 potions of heal wounds {unknown}
 t - a potion of attraction {unknown}
 u - a potion of haste {unknown}
 w - a potion of flight {unknown}
 z - 2 potions of cancellation {unknown}


   Skills:
 - Level 1.5 Dodging
 - Level 1.5 Stealth
 - Level 1.5 Spellcasting
 + Level 5.7 Conjurations
 + Level 8.1 Fire Magic


You had 3 spell levels left.
You knew the following spells:

 Your Spells              Type           Power      Damage    Failure   Level
a - Foxfire               Conj/Fire      96%        2x1d8     1%          1
b - Scorch                Fire           58%        2d7       1%          2
c - Flame Wave            Conj/Fire      24%        2d8       12%         4

Your spell library contained the following spells:

 Spells                   Type           Power      Damage    Failure   Level
 Conjure Flame            Conj/Fire      24%        6-21      3%          3
 Inner Flame              Hex/Fire       15%        N/A       12%         3
 Summon Small Mammal      Summ           4%         N/A       21%         1
 Call Canine Familiar     Summ           1%         N/A       52%         3
 Summon Guardian Golem    Hex/Summ       1%         N/A       52%         3
 Summon Cactus Giant      Summ           0%         N/A       100%        6


Dungeon Overview and Level Annotations

Branches:
Dungeon (5/15)             Temple (1/1) D:5

Altars:
Ashenzari
Cheibriados
Dithmenos
Gozag
Hepliaklqana
Makhleb
Nemelex Xobeh
Qazlal
Ru
Sif Muna
Uskayaw
Vehumet
Wu Jian
Xom
Yredelemnul
Zin

Annotations:
D:5 Duvessa


Message History

Dowan's fire resistance burns away.
The foxfire hits Dowan but does no damage.
Dowan is severely wounded.
The foxfire hits Dowan!
Dowan is burned terribly!
You kill Dowan!
Vehumet accepts your kill.
You hear a distant scream of rage.
You have reached level 8!
You start resting.
Duvessa, Sister of Dowan comes into view.
She is wielding a +4 short sword of speed and wearing a +1 leather armour of willpower.
Duvessa is nearby!
Duvessa goes berserk!
Casting: Scorch (safe; 1% risk of failure)
Confirm with . or Enter, or press ? or * to list all spells.
You conjure some foxfire!
Duvessa rages.
Casting: Foxfire (safe; 1% risk of failure)
Confirm with . or Enter, or press ? or * to list all spells.
You miscast Scorch.
You are very lightly contaminated with residual magic.
Nothing appears to happen.
The foxfire hits Duvessa but does no damage.
The foxfire hits Duvessa.
Duvessa is lightly wounded.
Casting: Scorch (safe; 1% risk of failure)
Confirm with . or Enter, or press ? or * to list all spells.
Flames lash Duvessa but do no damage.
Duvessa misses you.
Casting: Scorch (safe; 1% risk of failure)
Confirm with . or Enter, or press ? or * to list all spells.
You conjure some foxfire!
Duvessa hits you with a +4 short sword of speed! x2
* * * LOW HITPOINT WARNING * * *
Duvessa hits you with a +4 short sword of speed!
* * * LOW HITPOINT WARNING * * *
The foxfire hits Duvessa but does no damage.
Duvessa is lightly wounded.
The foxfire hits Duvessa.
Duvessa is lightly wounded.
Duvessa hits you with a +4 short sword of speed!!
You die...

........# ###........ .#.
........# #.#<####. #.# ####.####
#.#.# #.# #.# #.#.####.# #.# #.#
#........# #.# ##.#### ##...#####
#.# #.....# ##.....## #.#
#.....## ##.......## ##.#####
###......####...@e.>..####...##.#
............+.........').......#.
###......####.........####...##.#
........## ##.......## ##......
........# ##.....## #.##e.#
........# ##...## #.#...#
........# ##+## #...... ~~......#
#.#...# ≈≈~~....# #.##e##


You could see Duvessa (berserk, fast).

Vanquished Creatures
  Eustachio (D:5)
  A phantom (D:5)
  An ogre (D:5)
  A necrophage (D:5)
  2 scorpions (D:5)
  Dowan (D:5)
  A hound (D:5)
  An orc priest (D:5)
  2 iguanas
  An orc wizard (D:4)
  4 gnolls (D:3)
  5 adders
  A shadow imp (D:5)
  3 ufetubi
  4 worms
  2 dart slugs (D:2)
  9 orcs
  4 ball pythons
  7 bats
  4 endoplasms
  6 giant cockroaches
  8 goblins
  7 hobgoblins
  11 jackals
  6 quokkas
  2 frilled lizards
  8 kobolds
  5 rats
108 creatures vanquished.

Vanquished Creatures (others)
  240 foxfires
240 creatures vanquished.

Grand Total: 348 creatures vanquished

Notes
Turn   | Place    | Note
-------+----------+-------------------------------------------
     0 | D:1      | mcbry74 the Hill Orc Fire Elementalist began the quest for
                  | the Orb.
     0 | D:1      | Reached XP level 1. HP: 14/14 MP: 3/3
   415 | D:1      | Reached XP level 2. HP: 19/20 MP: 1/4
   697 | D:1      | Reached skill level 4 in Fire Magic
  1225 | D:1      | Reached XP level 3. HP: 15/26 MP: 0/5
  1892 | D:2      | Learned a level 2 spell: Scorch
  2344 | D:2      | Reached XP level 4. HP: 33/33 MP: 1/6
  2622 | D:2      | Reached skill level 5 in Fire Magic
  2860 | D:3      | Found a burning altar of Makhleb.
  2939 | D:3      | Found a snail-covered altar of Cheibriados.
  2999 | D:3      | Reached XP level 5. HP: 38/38 MP: 3/7
  3418 | D:3      | Found a sacrificial altar of Ru.
  3482 | D:3      | Found a faded altar of an unknown god.
  4174 | D:4      | Reached skill level 6 in Fire Magic
  4492 | D:4      | Reached XP level 6. HP: 28/45 MP: 3/8
  4628 | D:4      | Found a hazy altar of Hepliaklqana.
  4630 | D:4      | Found a shimmering blue altar of Sif Muna.
  5190 | D:4      | Found an ornate altar of the Wu Jian Council.
  5197 | D:4      | Noticed a spectral centipede
  5197 | D:4      | Noticed a spectral black mamba
  5197 | D:4      | Noticed a spectral cane toad
  5250 | D:3      | Learned a level 4 spell: Flame Wave
  5289 | D:5      | Entered Level 5 of the Dungeon
  5661 | D:5      | Found a staircase to the Ecumenical Temple.
  5673 | Temple   | Entered the Ecumenical Temple
  5760 | Temple   | Became a worshipper of Vehumet
  5796 | D:5      | Noticed Eustachio
  5803 | D:5      | Killed Eustachio
  5804 | D:5      | Reached skill level 7 in Fire Magic
  5804 | D:5      | Reached XP level 7. HP: 47/50 MP: 0/9
  6159 | D:5      | Reached skill level 5 in Conjurations
  6322 | D:5      | Reached skill level 8 in Fire Magic
  6671 | D:5      | Noticed Dowan
  6698 | D:5      | Killed Dowan
  6699 | D:5      | Reached XP level 8. HP: 47/57 MP: 5/10
  6699 | D:5      | Noticed Duvessa
  6708 | D:5      | Mangled by Duvessa

Illustrated notes

Levels and vault maps discovered:
D:1:      heliophobic_arrival_enchanted_forest, layout_basic
D:2:      layout_basic, serial_corexii_hall, chequers_hall_statues_corner_a,
          chequers_hall_statues_corner_a
D:3:      layout_rooms, mainiacjoe_overflow_catwalk,
          mainiacjoe_overflow_24_doors, overflow_temple_1_default,
          hellmonk_ecumenical_altar_pennies_from_heaven
D:4:      layout_loops_ring, pdpol_wu_jian_five_deadly_venoms,
          nicolae_overflow_hidden_temple, minmay_goblin_kobold_house
D:5:      due_chaos_kobolds, layout_loops_corners,
          minmay_temple_entry_proselytizer, lemuel_old_faithful, uniq_duvessa,
          uniq_eustachio
Temple:   nicolae_temple_two_arcs

Skill      XL: |  1  2  3  4  5  6  7 |
---------------+----------------------+-----
Fire Magic     | 4 5 6 7 8 |  8.1
Conjurations   | 2 3 4 5 |  5.7
Dodging        | |  1.5
Stealth        | |  1.5
Spellcasting   | |  1.5

Action                   |  1- 3 |  4- 6 |  7- 9 || total
-------------------------+-------+-------+-------++-------
Melee: Whip              |     9 |    44 |       ||    53
       Hand axe          |       |       |     7 ||     7
 Cast: Foxfire           |    55 |    73 |    13 ||   141
       Scorch            |     2 |    36 |    17 ||    55
Armor: Robe              |     6 |    19 |     5 ||    30
Dodge: Dodged            |    34 |    67 |    12 ||   113
